Map: Ever Dream LE

Players

DPGCure (Cure) - Winner!

  • Race: Terran Terran
  • Spawn Location: 7:00

JinairRogue (Rogue)

  • Race: Zerg Zerg
  • Spawn Location: 1:00

Event: War Chest Team League

VOD

Have the link to the VOD?

Description

Time

  • Played on: Aug. 7, 2020, 5:40 a.m.
  • Length: 13:21
Show
View Real Time Build Order
Export as new Build Order

DPGCure Terran - Winner!

Build Orders: Reaper Expand, Mech 

Get SALT Encoding   

  12  0:00  SCV  
  13  0:12  SCV  
  14  0:17  Supply Depot  
  14  0:24  SCV  
  15  0:38  SCV  
  15  0:40  Barracks  
  16  0:43  Refinery  
  16  0:51  SCV  
  17  1:03  SCV  
  18  1:15  SCV  
  19  1:27  Orbital Command, Reaper  
  20  1:38  Command Center  
  20  1:46  Supply Depot  
  20  1:53  SCV  
  21  1:59  Marine  
  22  2:05  SCV  
  23  2:10  Factory  
  23  2:17  SCV  
  23  2:21  Barracks Reactor  
  24  2:29  SCV  
  25  2:41  Command Center, SCV  
  26  2:51  Orbital Command  
  26  2:54  SCV  
  26  2:55  Refinery  
  27  3:02  Starport  
  27  3:06  SCV  
  27  3:10  Marine  
  29  3:17  SCV  
  30  3:20  Hellion x2, SCV  
  35  3:29  SCV  
  35  3:33  SCV  
  35  3:34  Factory  
  37  3:41  SCV  
  37  3:43  Viking  
  37  3:45  SCV  
  37  3:47  Barracks Tech Lab  
  41  3:53  Orbital Command  
  41  3:54  SCV  
  42  3:56  Hellion  
  42  3:57  SCV  
  42  3:59  Hellion  
  47  4:06  SCV  
  47  4:07  Supply Depot  
  47  4:09  SCV  
  49  4:15  Barracks Tech Lab  
  49  4:17  Orbital Command  
  49  4:18  SCV  
  49  4:21  SCV  
  51  4:25  Infernal Pre-Igniter  
  51  4:26  Hellion x2  
  51  4:27  Hellion  
  51  4:29  Medivac  
  59  4:31  SCV  
  59  4:33  SCV  
  59  4:36  Supply Depot  
  61  4:38  Refinery  
  61  4:40  Refinery  
  61  4:42  Supply Depot  
  61  4:43  SCV x2  
  61  4:45  Marine, SCV  
  65  4:49  Hellion  
  65  4:50  Hellion  
  69  4:57  Hellion  
  69  4:58  SCV x2  
  69  4:59  Supply Depot, SCV  
  74  5:03  Marine  
  74  5:05  Supply Depot  
  75  5:08  Stimpack  
  75  5:10  SCV x2  
  75  5:11  SCV  
  78  5:16  Hellion  
  78  5:17  Hellion  
  78  5:19  Hellion  
  84  5:21  Starport Reactor  
  84  5:27  Barracks  
  84  5:28  Barracks  
  84  5:29  SCV  
  84  5:30  SCV x2  
  84  5:32  Marine  
  88  5:40  Engineering Bay  
  88  5:41  Engineering Bay  
  88  5:45  SCV x2  
  88  5:46  SCV  
  91  5:52  Marine  
  91  5:54  Hellion x3  
  96  6:03  SCV x3  
  93  6:10  Marine  
  91  6:16  Barracks x2, SCV x3  
  91  6:17  Barracks Reactor  
  91  6:18  Barracks Reactor  
  94  6:21  Terran Infantry Armor Level 1, Terran Infantry Weapons Level 1  
  94  6:26  Medivac  
  94  6:27  Medivac  
  94  6:31  Supply Depot  
  94  6:32  Supply Depot  
  98  6:34  Supply Depot  
  98  6:36  SCV x3  
  101  6:50  Marine  
  101  6:52  Hellion  
  101  6:53  Hellion x2, SCV x3  
  95  7:02  Marine x4  
  84  7:08  Marine  
  84  7:14  Hellion  
  84  7:15  Hellion x2  
  80  7:17  SCV x2  
  80  7:22  Marine x4  
  82  7:25  Barracks Reactor, Armory  
  82  7:26  Barracks Reactor, Marine  
  82  7:27  SCV  
  82  7:29  SCV  
  86  7:30  SCV  
  86  7:35  Combat Shield, Widow Mine  
  88  7:39  Marine x2, SCV  
  88  7:40  Marine x2  
  88  7:42  SCV  
  94  7:51  SCV x2  
  91  7:53  Marine  
  91  7:54  SCV  
  91  7:56  Hellion x2  
  91  7:57  Hellion, Marine x3  
  99  8:05  Marine x2  
  99  8:06  Marine x2  
  99  8:08  Marine  
  99  8:10  Medivac x2, Marine  
  99  8:11  SCV x2  
  99  8:12  SCV  
  112  8:15  Marine x2  
  112  8:16  Supply Depot  
  112  8:18  Marine  
  115  8:23  Marine x2  
  115  8:25  Thor  
  123  8:27  Missile Turret  
  123  8:28  Missile Turret  
  123  8:33  Missile Turret  
  123  8:34  SCV x2  
  125  8:38  Supply Depot, Marine x5, SCV  
  131  8:46  SCV x2  
  133  8:51  Terran Infantry Weapons Level 2, Terran Infantry Armor Level 2  
  133  8:55  Supply Depot x2, SCV  
  133  8:56  Marine  
  133  8:57  Marine  
  133  8:59  Marine  
  134  9:07  SCV x3  
  133  9:11  Barracks Reactor  
  133  9:12  Barracks Reactor  
  133  9:14  Marine x3  
  133  9:15  Marine  
  135  9:17  Marine  
  136  9:29  Thor  
  136  9:30  Hellbat  
  136  9:31  Hellbat  
  145  9:32  Marine x3  
  145  9:33  Marine  
  149  9:40  Marine  
  149  9:41  Medivac  
  141  9:49  Marine x3  
  141  9:50  Marine  
  141  9:52  Marine x4  
  132  9:58  Marine  
  104  10:07  Marine x3  
  104  10:08  Marine  
  104  10:09  Marine x2  
  104  10:10  Marine x2  
  104  10:12  Thor  
  110  10:15  Hellbat, Marine  
  110  10:16  Hellbat  
  110  10:18  Medivac x2  
  110  10:25  Marine x3  
  110  10:26  Marine  
  110  10:27  Marine x4  
  113  10:33  Marine  
  105  10:43  Marine x3  
  105  10:44  Marine  
  105  10:45  Marine x2  
  105  10:46  Hellbat x2  
  105  10:48  Medivac x2  
  113  10:51  SCV x3  
  113  10:53  Marine x3  
  113  10:56  Thor  
  122  11:01  Marine x3  
  122  11:02  Marine  
  122  11:03  Marine x2  
  124  11:08  Hellbat  
  124  11:11  Marine x3  
  128  11:18  Marine x2  
  128  11:19  Marine x2  
  128  11:20  Medivac  
  128  11:21  Marine x2  
  128  11:22  Medivac  
  140  11:25  Hellbat  
  140  11:28  Marine x2  
  140  11:29  Marine  
  140  11:32  Orbital Command  
  143  11:36  Hellbat, Marine x3, Missile Turret  
  148  11:46  Supply Depot  
  146  11:48  Supply Depot  
  146  11:50  Marine x3  
  149  11:58  Supply Depot  
  149  12:00  Marine x3  
  149  12:01  Marine  
  149  12:02  Marine x2  
  149  12:04  Thor  
  149  12:08  Marine  
  135  12:11  SCV x3  
  135  12:14  Marine x2  
  136  12:18  Marine x3  
  136  12:19  Marine  
  136  12:20  Marine x2  
  137  12:26  Marine  
  132  12:32  Marine  
  132  12:35  SCV x3  
  132  12:36  Marine x3  
  137  12:42  Marine x3  
  140  12:47  SCV  
  140  12:49  Hellbat  
  140  12:50  Hellbat  
  151  12:53  Marine x2  
  151  12:54  Marine x2  
Show
View Real Time Build Order
Export as new Build Order

JinairRogue Zerg 

Build Orders: Hatch First, Muta Ling Bane 

Get SALT Encoding   

  12  0:00  Drone  
  13  0:12  Overlord  
  13  0:16  Drone  
  14  0:31  Drone x2  
  16  0:48  Hatchery  
  15  0:50  Drone  
  15  0:54  Drone  
  17  0:57  Drone  
  18  1:08  Extractor  
  17  1:12  Spawning Pool  
  17  1:15  Drone  
  17  1:18  Drone  
  18  1:28  Drone  
  19  1:39  Drone  
  20  1:49  Drone  
  21  1:59  Queen x2  
  21  2:00  Zergling x4  
  27  2:10  Overlord  
  27  2:12  Drone  
  28  2:23  Hatchery  
  28  2:26  Drone  
  28  2:29  Drone  
  29  2:33  Drone x2  
  30  2:41  Queen  
  32  2:45  Overlord  
  32  2:49  Metabolic Boost  
  32  2:53  Drone  
  32  2:55  Drone  
  32  2:57  Drone  
  35  3:04  Drone x2  
  37  3:12  Drone x3  
  40  3:14  Queen  
  40  3:18  Overlord  
  42  3:20  Drone  
  43  3:34  Queen  
  43  3:35  Overlord  
  43  3:36  Drone x3  
  48  3:42  Zergling x6  
  48  3:45  Overlord  
  51  3:48  Drone  
  51  3:49  Queen  
  51  3:55  Drone x4  
  58  4:00  Queen  
  58  4:02  Zergling x4  
  62  4:06  Drone x2  
  62  4:09  Drone  
  65  4:16  Drone x2  
  67  4:22  Drone, Evolution Chamber  
  67  4:23  Evolution Chamber, Drone x3  
  69  4:25  Drone  
  69  4:26  Spore Crawler  
  69  4:27  Spore Crawler  
  69  4:31  Drone x2  
  70  4:32  Drone x2  
  70  4:34  Extractor  
  70  4:36  Overlord  
  71  4:39  Overlord  
  71  4:42  Overlord  
  71  4:50  Overlord x2  
  71  4:54  Zerg Ground Armor Level 1  
  71  4:55  Zerg Melee Weapons Level 1  
  71  4:57  Zergling x6  
  74  5:01  Drone x2  
  74  5:03  Drone  
  74  5:04  Drone x3  
  80  5:07  Drone x3  
  80  5:09  Drone  
  80  5:12  Drone  
  80  5:14  Extractor  
  83  5:15  Lair  
  83  5:17  Drone x3  
  83  5:20  Drone x2  
  88  5:23  Extractor x2, Drone  
  88  5:24  Extractor  
  88  5:25  Baneling Nest  
  88  5:28  Drone  
  84  5:38  Queen x2  
  84  5:40  Zergling x4  
  90  5:46  Zergling x2  
  88  5:50  Zergling x4  
  88  5:54  Zergling x4  
  88  5:56  Zergling x14  
  87  6:04  Zergling x2  
  87  6:10  Zergling x4  
  86  6:11  Drone  
  86  6:14  Queen  
  87  6:18  Drone  
  87  6:20  Drone  
  89  6:28  Drone x3  
  89  6:29  Drone x2  
  89  6:31  Drone  
  95  6:34  Spire  
  95  6:39  Drone x2  
  96  6:43  Hatchery  
  96  6:44  Drone  
  96  6:48  Drone x4  
  96  6:49  Drone  
  96  6:51  Drone  
  96  6:53  Drone x2  
  103  6:58  Hatchery  
  103  6:59  Zergling x8  
  99  7:01  Zergling x2  
  99  7:03  Zergling x2  
  99  7:07  Zergling x2  
  93  7:12  Zergling x2  
  93  7:13  Zergling x2  
  83  7:27  Drone x2  
  83  7:28  Drone x2  
  85  7:32  Overlord  
  85  7:35  Drone x2  
  87  7:48  Mutalisk x5  
  87  7:49  Mutalisk x3  
  98  7:51  Mutalisk  
  98  7:52  Mutalisk  
  98  7:57  Mutalisk  
  98  7:58  Mutalisk  
  104  8:06  Drone x4  
  104  8:07  Drone x2  
  104  8:09  Drone x2  
  111  8:15  Mutalisk x2  
  111  8:16  Zergling x2  
  111  8:17  Zergling x2  
  111  8:18  Zergling x2  
  118  8:22  Mutalisk x2  
  118  8:27  Overlord  
  122  8:32  Drone x4  
  126  8:39  Centrifical Hooks  
  126  8:45  Zergling x6, Overlord x3  
  126  8:47  Zergling x2  
  126  8:48  Zergling x4  
  131  8:50  Drone x2  
  131  8:55  Zergling x2  
  132  9:03  Mutalisk x3  
  132  9:04  Mutalisk x2  
  140  9:12  Zergling x8, Zerg Flyer Weapons Level 1  
  140  9:13  Zergling x4  
  140  9:14  Drone  
  147  9:18  Baneling x6  
  147  9:22  Baneling  
  147  9:23  Baneling x2, Zergling x10  
  152  9:30  Zergling x8  
  152  9:31  Zergling x6  
  150  9:34  Baneling  
  150  9:35  Baneling x3  
  142  9:44  Zergling x16  
  131  9:52  Mutalisk x3  
  112  9:55  Zergling x2  
  112  9:56  Zergling x12  
  112  9:57  Zergling x2  
  114  10:00  Mutalisk  
  114  10:05  Zergling x2  
  114  10:06  Zergling x4  
  114  10:08  Mutalisk x2  
  114  10:12  Zergling x4  
  116  10:16  Zergling x4  
  116  10:17  Zergling x2  
  116  10:19  Zergling x2  
  116  10:20  Zergling x4  
  121  10:24  Zergling x2  
  121  10:28  Mutalisk x3  
  110  10:32  Mutalisk  
  109  10:39  Drone  
  109  10:40  Drone x5  
  112  10:47  Mutalisk  
  112  10:48  Mutalisk  
  106  10:51  Zergling x10  
  106  10:54  Drone x2  
  107  10:57  Zergling x2  
  105  11:15  Overseer  
  105  11:16  Pneumatized Carapace  
  103  11:20  Baneling  
  103  11:21  Baneling x3, Zergling x2  
  103  11:22  Zergling x12  
  110  11:27  Zergling x10  
  115  11:37  Zergling x2  
  115  11:38  Zergling x16  
  124  11:42  Baneling  
  124  11:43  Baneling x5  
  124  11:45  Baneling  
  124  11:46  Baneling x9  
  124  11:54  Zergling x2  
  124  11:55  Zergling x4  
  124  11:57  Zergling x4  
  124  12:00  Hatchery  
  121  12:03  Zergling x2  
  109  12:13  Zergling x10  
  109  12:14  Baneling x7  
  105  12:18  Mutalisk x2  
  105  12:19  Zergling x2  
  104  12:23  Zergling x4  
  104  12:27  Mutalisk x2  
  104  12:29  Mutalisk  
  104  12:30  Zergling x2  
  104  12:31  Zergling x2  
  104  12:33  Mutalisk  
  104  12:36  Baneling  
  105  12:40  Zergling x6  
  108  12:44  Zergling x2  
  108  12:47  Baneling x3  
  108  12:48  Baneling x5, Zergling x4  
  108  12:49  Zergling x2  
  111  12:54  Baneling x4  
  111  13:07  Baneling  
Tags
 
Add a new tag
Caveats
  • Supply blocks, unpowered buildings, or Contaminate may cause inaccurate times.
  • Supply counts are checked every 10 seconds.